[Event "Titled Tuesday Blitz November 08 Late 2022"]
[White "Svane, Frederik"]
[Black "Deac, Bogdan-Daniel"]
[WhiteFideId "12923044"]
[BlackFideId "1226380"]
[WhiteElo "2466"]
[BlackElo "2648"]
[Result "1/2-1/2"]
[Round "10"]
[TimeControl "180+1"]
[Date "2022.11.08"]
[WhiteClock "0:00:09"]
[BlackClock "0:00:12"]

1. c4 Nf6 2. Nc3 e5 3. Nf3 Nc6 4. e4 h6 5. Be2 Bb4 6. d3 d6 7. O-O O-O 8. a3 Bxc3 9. bxc3 Nh7 10. Rb1 b6 11. Nd2 f5 12. exf5 Bxf5 13. Bf3 Qe8 14. Qa4 Bd7 15. Qc2 Kh8 16. a4 Rd8 17. Ne4 Rxf3 18. gxf3 Qh5 19. Ng3 Qxf3 20. Qe2 Bg4 21. Qxf3 Bxf3 22. Be3 Nf8 23. d4 Ng6 24. c5 d5 25. dxe5 Ngxe5 26. Bd4 Nd3 27. cxb6 axb6 28. Nf5 Nf4 29. Rfe1 Be4 30. Bxg7+ Kh7 31. Rxe4 dxe4 32. Bxh6 Ne2+ 33. Kf1 Nxc3 34. Rc1 Rd3 35. Bd2 Nd5 36. Rxc6 Rxd2 37. Ng3 e3 38. fxe3 Nxe3+ 39. Ke1 Rd7 40. Ne4 Re7 41. Nf6+ Kg7 42. Kd2 Nf1+ 43. Kc2 Ne3+ 44. Kd3 Nf5 45. Nd5 Re5 46. Rxc7+ Kh6 47. Nxb6 Re3+ 48. Kc4 Rh3 49. Rc6+ Kg5 50. a5 Rxh2 51. a6 Ra2 52. Kb5 Nd4+ 53. Kc5 Nxc6 54. Kxc6 Rxa6 55. Kb5 Ra1 56. Kc5 Kf5 57. Nc4 Rc1 58. Kd5 Kf4 59. Kd4 Rd1+ 60. Kc5 Ke4 61. Nd6+ Kd3 62. Kd5 Rh1 63. Ke5 Rh5+ 64. Nf5 Kc4 65. Ke4 Rh1 66. Ne3+ Kc5 67. Nf5 Rh8 68. Ke5 Re8+ 69. Kf4 Kd5 70. Ne3+ Kd4 71. Nf5+ Kd3 72. Nd6 Re6 73. Nf5 Re4+ 74. Kf3 Ra4 75. Ng3 Ra5 76. Kf4 Rb5 77. Nf5 Rb4+ 78. Ke5 Rb5+ 79. Kf4 Rc5 80. Ng3 Rc4+ 81. Ke5 Ke3 82. Nf5+ Kf3 83. Nd4+ Rxd4 1/2-1/2


[Site "https://www.chess.com"]

[Event "Titled Tuesday Blitz November 08 Late 2022"]
[White "Svane, Rasmus"]
[Black "Bluebaum, Matthias"]
[WhiteFideId "4657101"]
[BlackFideId "24651516"]
[WhiteElo "2674"]
[BlackElo "2633"]
[Result "1/2-1/2"]
[Round "10"]
[TimeControl "180+1"]
[Date "2022.11.08"]
[WhiteClock "0:00:14"]
[BlackClock "0:00:04"]

1. Nf3 d5 2. g3 Nf6 3. Bg2 c5 4. O-O g6 5. c4 Bg7 6. cxd5 Nxd5 7. Nc3 O-O 8. Nxd5 Qxd5 9. d3 Nc6 10. Be3 Qd6 11. Nd2 b6 12. Rb1 Bb7 13. a3 Qd7 14. b4 cxb4 15. axb4 Nd4 16. Bxb7 Qxb7 17. Bxd4 Bxd4 18. Nf3 Bg7 19. b5 a5 20. bxa6 Qxa6 21. Qb3 Rfb8 22. Rfc1 b5 23. Rc7 Qd6 24. Rbc1 Ra1 25. Rxa1 Qxc7 26. Rb1 b4 27. Ng5 e6 28. h4 Qc6 29. Ne4 h6 30. Nd2 Bd4 31. Qc4 Qxc4 32. dxc4 Rc8 33. Nb3 Rxc4 34. Na5 Rc5 35. Rxb4 Bxf2+ 36. Kxf2 Rxa5 37. Rb2 Kg7 38. Kf3 Ra4 39. Rb3 g5 40. hxg5 hxg5 41. Rb5 f5 42. Kf2 Kf6 43. Rb8 Ra3 44. Rb5 g4 45. Rc5 Ra4 46. Rb5 Re4 47. Rc5 Re5 48. Rc8 Ra5 49. Rc3 e5 50. Rc6+ Kg5 51. Rc8 f4 52. Rg8+ Kf5 53. Rf8+ Ke4 54. Rg8 Ra3 55. Rxg4 Rxg3 56. Rxg3 fxg3+ 57. Kxg3 Ke3 58. Kg4 Kxe2 59. Kf5 e4 60. Kxe4 1/2-1/2


[Site "https://www.chess.com"]

[Event "Titled Tuesday Blitz November 08 Late 2022"]
[White "Tsukerman, Julia"]
[Black "Therrien, Alex L"]
[WhiteFideId "2621649"]
[BlackFideId "412856"]
[WhiteElo "1667"]
[BlackElo "2214"]
[Result "1-0"]
[Round "10"]
[TimeControl "180+1"]
[Date "2022.11.09"]
[WhiteClock "0:00:20"]
[BlackClock "0:00:02"]

1. e4 c6 2. d4 d5 3. exd5 cxd5 4. Bd3 Nc6 5. c3 Nf6 6. h3 e5 7. dxe5 Nxe5 8. Bb5+ Nc6 9. Nf3 Bd6 10. O-O O-O 11. Bg5 Be6 12. Nbd2 h6 13. Bh4 Qb6 14. Bxc6 bxc6 15. Bxf6 gxf6 16. Nb3 Bf5 17. Qd2 Kg7 18. Nfd4 Bg6 19. Kh1 Kh7 20. f4 Be4 21. Qf2 Rg8 22. Rg1 Qc7 23. Nd2 f5 24. Nxe4 fxe4 25. Raf1 Qe7 26. Nf5 Qf6 27. Nxd6 Qxd6 28. f5 Rg3 29. f6 Rag8 30. Qf5+ R8g6 31. c4 e3 32. cxd5 cxd5 33. Rd1 d4 34. Qe4 Qxf6 35. Rxd4 Qf2 36. Rdd1 e2 37. Rde1 Re3 38. Qc2 1-0


[Site "https://www.chess.com"]

[Event "Titled Tuesday Blitz November 08 Late 2022"]
[White "Urazayev, Arystanbek"]
[Black "Barria Zuniga, Daniel"]
[WhiteFideId "13709810"]
[BlackFideId "3400816"]
[WhiteElo "2441"]
[BlackElo "2414"]
[Result "1-0"]
[Round "10"]
[TimeControl "180+1"]
[Date "2022.11.08"]
[WhiteClock "0:00:57"]
[BlackClock "0:00:03"]

1. e4 c5 2. Nf3 e6 3. d4 cxd4 4. Nxd4 Nc6 5. Nc3 Qc7 6. Ndb5 Qb8 7. f4 a6 8. Nd4 Qc7 9. Be3 b5 10. Nxc6 Qxc6 11. Qd4 Bb7 12. Bd3 Rc8 13. a3 Nf6 14. O-O-O Bc5 15. Qxc5 Qxc5 16. Bxc5 Rxc5 17. e5 Ng4 18. Rde1 Nf2 19. Rhf1 Nxd3+ 20. cxd3 Ke7 21. g3 f6 22. exf6+ gxf6 23. Kd2 h5 24. f5 Rg8 25. Rf4 Rg4 26. fxe6 dxe6 27. Ne2 e5 28. Rf2 h4 29. gxh4 Rxh4 30. Ng3 Ke6 31. Ref1 Rh6 32. Nf5 Rh7 33. Ne3 Rf7 34. h4 Rc8 35. Nf5 Rh8 36. Rg1 Rhh7 37. h5 Bc8 38. h6 Kd5 39. Ne3+ Kd6 40. Rg6 Ke6 41. Ng4 Ke7 42. Nxf6 Be6 43. Ke3 Rh8 44. h7 Rhf8 45. Rg8 Rxf6 46. Rxf6 Bxg8 47. Rxf8 Bxh7 48. Ra8 1-0


[Site "https://www.chess.com"]

[Event "Titled Tuesday Blitz November 08 Late 2022"]
[White "Vargas, Mauricio"]
[Black "Joubert, Dantelle"]
[WhiteFideId "4404572"]
[BlackFideId "14310813"]
[WhiteElo "2025"]
[BlackElo "1507"]
[Result "1/2-1/2"]
[Round "10"]
[TimeControl "180+1"]
[Date "2022.11.09"]
[WhiteClock "0:01:46"]
[BlackClock "0:00:48"]

1. d4 d5 2. Nf3 Nf6 3. c3 c6 4. Bf4 Qb6 5. Qb3 Bf5 6. Qxb6 axb6 7. Nh4 Bxb1 8. Rxb1 Nbd7 9. a3 h6 10. Bg3 e6 11. e3 Ne4 12. Bd3 Nxg3 13. hxg3 g5 14. Nf3 Bg7 15. g4 O-O 16. e4 dxe4 17. Bxe4 e5 18. Bf5 Rad8 19. Bxd7 Rxd7 20. dxe5 Bxe5 21. Nxe5 Re8 22. Rxh6 Rxe5+ 23. Kf1 Rd2 24. Rh5 f6 25. Rh6 Kg7 26. Rh3 Ree2 27. Rf3 Rxb2 28. Rxb2 Rxb2 29. Rd3 Rb3 30. Rd7+ Kg6 31. Rxb7 Rxc3 32. Rxb6 c5 33. a4 Rc4 34. a5 Rxg4 35. Rb5 Rc4 36. a6 Ra4 37. Rb6 c4 38. Ke2 Ra2+ 39. Ke3 c3 40. g4 c2 41. Kd2 c1=Q+ 42. Kxc1 Rxf2 43. a7 Ra2 44. Rb7 f5 45. Kb1 Ra4 46. gxf5+ Kxf5 47. Kb2 g4 48. Kb3 Ra1 49. Kb2 Ra5 50. Kc2 Kf4 51. Kd2 Kg3 52. Kc3 Kh2 53. Kb4 Ra1 54. Kb5 g3 55. Rh7+ Kg1 56. Kb6 g2 57. Rh5 Rxa7 58. Kxa7 Kf2 59. Rg5 g1=Q 60. Rxg1 Kxg1 1/2-1/2


[Site "https://www.chess.com"]

[Event "Titled Tuesday Blitz November 08 Late 2022"]
[White "Viana Da Costa, Fernando"]
[Black "Postnikov, Daniil"]
[WhiteFideId "2111900"]
[BlackFideId "4166329"]
[WhiteElo "2259"]
[BlackElo "2261"]
[Result "0-1"]
[Round "10"]
[TimeControl "180+1"]
[Date "2022.11.09"]
[WhiteClock "0:01:31"]
[BlackClock "0:00:40"]

1. e4 c5 2. Nf3 e6 3. d4 cxd4 4. Nxd4 Nf6 5. Bd3 Nc6 6. Nxc6 bxc6 7. O-O e5 8. c4 Bc5 9. Nc3 h6 10. Qe2 O-O 11. Be3 Qe7 12. Rad1 Rb8 13. Na4 Bxe3 14. Qxe3 d6 15. Bc2 Ba6 16. b3 d5 17. exd5 cxd5 18. Rfe1 dxc4 19. Qxe5 Qxe5 20. Rxe5 cxb3 21. Bxb3 Rfe8 22. Rxe8+ Rxe8 23. Nc5 Bb5 24. h3 Rc8 25. Na4 Ne4 26. Re1 Nd2 27. Re7 Rc1+ 28. Kh2 Nf1+ 29. Kg1 a6 30. Rxf7 Nd2+ 31. Kh2 Nxb3 0-1


[Site "https://www.chess.com"]

[Event "Titled Tuesday Blitz November 08 Late 2022"]
[White "Wartiovaara, Oliver"]
[Black "Sibilio, Mario"]
[WhiteFideId "513024"]
[BlackFideId "800422"]
[WhiteElo "2213"]
[BlackElo "2251"]
[Result "0-1"]
[Round "10"]
[TimeControl "180+1"]
[Date "2022.11.09"]
[WhiteClock "0:02:10"]
[BlackClock "0:02:34"]

1. d4 Nf6 2. c4 e6 3. g3 c5 4. d5 exd5 5. cxd5 d6 6. Nc3 g6 7. Bg2 Bg7 8. Nf3 O-O 9. O-O Re8 10. Re1 a6 11. a4 Ne4 12. Nxe4 Rxe4 13. Nd2 Rb4 14. Qc2 Nd7 15. Nc4 Ne5 0-1


[Site "https://www.chess.com"]

[Event "Titled Tuesday Blitz November 08 Late 2022"]
[White "Winterberg, Lukas"]
[Black "Papasimakopoulos, Alexandros"]
[WhiteFideId "24622702"]
[BlackFideId "4244125"]
[WhiteElo "2349"]
[BlackElo "2365"]
[Result "0-1"]
[Round "10"]
[TimeControl "180+1"]
[Date "2022.11.08"]
[WhiteClock "0:00:22"]
[BlackClock "0:02:27"]

1. d4 e6 2. c4 Nf6 3. Nf3 Bb4+ 4. Bd2 Qe7 5. g3 Nc6 6. Bg2 Bxd2+ 7. Qxd2 Ne4 8. Qc2 Qb4+ 9. Kf1 d5 10. e3 Qxc4+ 11. Qxc4 dxc4 12. Nbd2 Nd6 13. Rc1 Bd7 14. Nxc4 Nxc4 15. Rxc4 O-O-O 16. Ke2 Ne7 17. Rc2 Bb5+ 18. Kd2 f6 19. Rhc1 c6 20. Ke1 Kb8 21. b3 Bd3 22. Rc3 Be4 23. Nh4 Bxg2 24. Nxg2 Nd5 25. Rc5 Nb4 26. Ke2 Nxa2 27. R1c4 Rd5 28. Nf4 Rxc5 29. dxc5 e5 30. Nh5 Rg8 31. Kd2 a5 32. Ra4 Rd8+ 33. Kc2 Nb4+ 34. Kc3 Rd3+ 35. Kc4 Rd2 36. Rxa5 Na6 37. Nxg7 Rxf2 38. h4 Rc2+ 39. Kd3 Rxc5 40. Rxc5 Nxc5+ 41. Kc4 Ne4 42. g4 Kc8 43. Kd3 Nf2+ 44. Ke2 Nxg4 45. Kf3 Nh6 46. Ne8 Ng8 47. Ke4 Kd7 48. Ng7 Nh6 49. b4 Ke7 50. Kd3 Kf7 51. Nh5 f5 52. Kc4 b6 53. b5 cxb5+ 54. Kxb5 Ke6 55. Kxb6 Kd5 56. Nf6+ Kc4 57. Nxh7 Kd3 58. Kc5 Kxe3 59. Kd5 e4 60. Ng5 Kd3 61. Ke5 e3 62. Nf3 Ke2 63. Kf4 Kf2 64. Nd4 e2 65. Nxe2 Kxe2 66. Kg5 Ke3 67. Kxh6 f4 68. Kg7 f3 69. h5 f2 70. h6 f1=Q 71. h7 Qa1+ 72. Kg8 Qa8+ 73. Kg7 Qb7+ 74. Kg8 Qc8+ 75. Kg7 Qd7+ 76. Kg8 Qe8+ 77. Kg7 Qe7+ 78. Kg8 Qg5+ 79. Kh8 Qh5 80. Kg8 Qg5+ 81. Kh8 Qh4 82. Kg8 Qg4+ 83. Kh8 Qh3 84. Kg8 Qg3+ 85. Kh8 Qh2 86. Kg8 Qg2+ 87. Kh8 Qh1 88. Kg8 Qf1 89. Kh8 Qf8# 0-1


[Site "https://www.chess.com"]

[Event "Titled Tuesday Blitz November 08 Late 2022"]
[White "Yanayt, Eugene"]
[Black "Steen, Bobby"]
[WhiteFideId "2020165"]
[BlackFideId "2053870"]
[WhiteElo "2046"]
[BlackElo "2132"]
[Result "1-0"]
[Round "10"]
[TimeControl "180+1"]
[Date "2022.11.09"]
[WhiteClock "0:00:22"]
[BlackClock "0:01:19"]

1. c4 e5 2. Nc3 Nf6 3. g3 Nc6 4. Bg2 a6 5. Nf3 Bc5 6. O-O d6 7. Rb1 Bf5 8. d3 e4 9. Ne1 exd3 10. exd3 O-O 11. Nc2 Re8 12. Ne3 Bg6 13. Ncd5 Nxd5 14. Nxd5 Nd4 15. Be3 c6 16. Nf4 Bf5 17. b4 Ba7 18. a4 a5 19. b5 Bc5 20. bxc6 bxc6 21. Rb7 Rc8 22. Qa1 Nc2 23. Qc3 Nxe3 24. fxe3 Bxe3+ 25. Kh1 Bxf4 26. Rxf4 Bg6 27. h4 h5 28. Be4 Bxe4+ 29. dxe4 f6 30. Qf3 Re5 31. g4 f5 32. gxf5 Qe8 33. f6 g6 34. f7+ 1-0


[Site "https://www.chess.com"]

[Event "Titled Tuesday Blitz November 08 Late 2022"]
[White "Yano, William Jorge Froes"]
[Black "Machidon, Cristi"]
[WhiteFideId "2112949"]
[BlackFideId "13904590"]
[WhiteElo "2122"]
[BlackElo "2333"]
[Result "0-1"]
[Round "10"]
[TimeControl "180+1"]
[Date "2022.11.09"]
[WhiteClock "0:00:13"]
[BlackClock "0:00:32"]

1. e4 Nc6 2. Nc3 e5 3. Bc4 Bc5 4. Qg4 g6 5. Qf3 Qf6 6. Nd5 Qxf3 7. Nxf3 Bb6 8. c3 d6 9. d3 h6 10. h3 Be6 11. g4 Nge7 12. Nf6+ Kf8 13. g5 Kg7 14. Bd2 Bxc4 15. dxc4 hxg5 16. Bxg5 Ng8 17. Nd5 Rh5 18. Ke2 f6 19. Bd2 Nd8 20. Rag1 Ne6 21. h4 c6 22. Nxb6 axb6 23. a3 Ne7 24. Be3 Ra4 25. Nd2 c5 26. Kd3 Kf7 27. Rg4 f5 28. Rgg1 f4 29. Rg4 fxe3 30. fxe3 Ra8 31. Nf1 g5 32. Ng3 Rxh4 33. Rhxh4 gxh4 34. Rxh4 Rg8 35. Rh7+ Rg7 36. Rh3 Ke8 37. Rh8+ Kd7 38. Rh3 Kc6 39. b4 b5 40. cxb5+ Kxb5 41. c4+ Ka4 42. Kc3 Rg4 43. Ne2 Rxe4 44. Nc1 cxb4+ 45. axb4 b5 46. cxb5 Kxb5 47. Nd3 Nd5+ 48. Kb3 Nxb4 49. Nf2 Nc5+ 50. Kb2 Ncd3+ 51. Nxd3 Nxd3+ 52. Kc3 Nc5 53. Rh6 Rc4+ 54. Kd2 Ra4 55. Ke2 Ra2+ 56. Kf3 d5 57. Rd6 Rd2 58. Kg3 Ne4+ 0-1


[Site "https://www.chess.com"]

[Event "Titled Tuesday Blitz November 08 Late 2022"]
[White "Zhu, Jiner"]
[Black "Prem, Pranav"]
[WhiteFideId "8608059"]
[BlackFideId "30901057"]
[WhiteElo "2384"]
[BlackElo "1970"]
[Result "1/2-1/2"]
[Round "10"]
[TimeControl "180+1"]
[Date "2022.11.09"]
[WhiteClock "0:00:03"]
[BlackClock "0:00:15"]

1. c4 e6 2. Nc3 d5 3. cxd5 exd5 4. d4 c6 5. Nf3 Nf6 6. Bg5 Bf5 7. e3 Be7 8. Be2 h6 9. Bh4 Nbd7 10. O-O O-O 11. a3 a5 12. Rc1 Ne4 13. Bxe7 Qxe7 14. Nxe4 Bxe4 15. Nd2 Bf5 16. Qa4 Nf6 17. Bf3 Rfe8 18. Rc3 Bg4 19. Bxg4 Nxg4 20. g3 h5 21. h4 Nf6 22. Qc2 Qd7 23. Kg2 g6 24. Re1 Ng4 25. Qd3 Re7 26. f3 Nh6 27. e4 dxe4 28. fxe4 Rd8 29. Nf3 Ng4 30. Rc5 b6 31. Rcc1 c5 32. d5 Qd6 33. Rcd1 Rde8 34. Re2 f6 35. Rde1 Kg7 36. a4 Ne5 37. Nxe5 Rxe5 38. Rf1 R8e7 39. Rf4 f5 40. Qc3 Kg8 41. Qc4 Kg7 42. b3 Re8 43. Qc3 Kg8 44. Qc4 Kg7 45. Qc3 Kg8 46. Qf3 Kg7 47. Kh2 R8e7 48. Qc3 Kg8 49. Qc4 Kg7 50. Qd3 Re8 51. Qc3 Kg8 52. Qd3 Kg7 53. Qc3 Kg8 54. Qd3 Kg7 1/2-1/2


[Site "https://www.chess.com"]

[Event "Titled Tuesday Blitz November 08 Late 2022"]
[White "Adewumi, Tanitoluwa"]
[Black "Leiva, Gianmarco"]
[WhiteFideId "30966396"]
[BlackFideId "3804399"]
[WhiteElo "2562"]
[BlackElo "2286"]
[Result "0-1"]
[Round "11"]
[TimeControl "180+1"]
[Date "2022.11.09"]
[WhiteClock "0:00:01"]
[BlackClock "0:00:02"]

1. e4 c5 2. Nf3 d6 3. Bb5+ Nd7 4. c3 Nf6 5. Bd3 b6 6. O-O Bb7 7. Re1 Rc8 8. Bc2 Qc7 9. d4 cxd4 10. Nxd4 a6 11. Bg5 e6 12. Nd2 Be7 13. f4 O-O 14. Qe2 Rfe8 15. Rf1 Bf8 16. Rae1 h6 17. Bh4 e5 18. fxe5 dxe5 19. Nf5 g6 20. Ne3 Nh5 21. Bb3 Nf4 22. Qg4 Nc5 23. Rxf4 Nxb3 24. Rf2 Nxd2 25. Rxd2 h5 26. Qf3 Be7 27. Bxe7 Qxe7 28. Qg3 Bxe4 29. Nd5 Qc5+ 30. Ne3 Rcd8 31. Rxd8 Rxd8 32. Qh4 Rd1 33. Rxd1 Qxe3+ 34. Qf2 Qg5 35. g3 b5 36. Rd2 h4 37. Rd7 Bf5 38. Rd2 h3 39. Qe1 Qg4 40. Qe2 Qa4 41. b3 Qa3 42. Rd8+ Kh7 43. Qd2 Qc5+ 44. Qf2 Qxc3 45. Rd2 Qc1+ 0-1


[Site "https://www.chess.com"]

[Event "Titled Tuesday Blitz November 08 Late 2022"]
[White "Al-Tarboush, Ward"]
[Black "Storey, Charles H"]
[WhiteFideId "7601450"]
[BlackFideId "406686"]
[WhiteElo "2273"]
[BlackElo "2252"]
[Result "1-0"]
[Round "11"]
[TimeControl "180+1"]
[Date "2022.11.09"]
[WhiteClock "0:00:29"]
[BlackClock "0:00:05"]

1. d4 g6 2. e4 Bg7 3. Nc3 c5 4. d5 d6 5. Nf3 Nf6 6. Be2 O-O 7. O-O Na6 8. a4 Nc7 9. h3 a6 10. a5 Rb8 11. Be3 b5 12. axb6 Rxb6 13. Na4 Rb4 14. e5 Nfxd5 15. c3 Nxe3 16. fxe3 Re4 17. Bd3 Rxe3 18. Qd2 Rxf3 19. Rxf3 Bxe5 20. Raf1 Be6 21. Nb6 Qb8 22. Nc4 Bg7 23. Ne3 d5 24. Ng4 c4 25. Bb1 Bxg4 26. hxg4 e6 27. Qf2 Qe8 28. Qa7 Qc6 29. Kh1 Nb5 30. Qe7 Nd6 31. Qg5 e5 32. Rh3 Ne4 33. Qh4 h6 34. Bxe4 dxe4 35. g5 h5 36. g4 e3+ 37. Kh2 Rd8 38. Rxe3 Rd2+ 39. Rf2 Rxf2+ 40. Qxf2 hxg4 41. Qg2 Qe6 42. Re4 Qb6 43. Rxg4 Bf8 44. Rh4 Bd6 45. Qa8+ Bb8 46. Rxc4 e4+ 47. Kh1 Kg7 48. Qxe4 Qxb2 49. Qd4+ Kh7 50. Qh4+ Kg7 51. Qh6+ Kg8 52. Rc8# 1-0


[Site "https://www.chess.com"]

[Event "Titled Tuesday Blitz November 08 Late 2022"]
[White "Alexikov, Alexander"]
[Black "Estrada Nieto, Julian"]
[WhiteFideId "14103958"]
[BlackFideId "5101018"]
[WhiteElo "2222"]
[BlackElo "2221"]
[Result "1-0"]
[Round "11"]
[TimeControl "180+1"]
[Date "2022.11.09"]
[WhiteClock "0:00:09"]
[BlackClock "0:00:09"]

1. e4 e5 2. Nf3 Nc6 3. c3 Nf6 4. d4 Nxe4 5. d5 Ne7 6. Nxe5 Ng6 7. Qf3 Nxe5 8. Qxe4 Qe7 9. Be3 Ng6 10. Qd4 Qe5 11. Nd2 b6 12. Nf3 Qxd4 13. Nxd4 Bb7 14. c4 Bb4+ 15. Bd2 Bxd2+ 16. Kxd2 O-O-O 17. g3 Rhe8 18. Bg2 Ne5 19. b3 a6 20. h3 g5 21. a4 c6 22. Nf5 Kc7 23. d6+ Kb8 24. Ne7 c5 25. Bxb7 Kxb7 26. Kc3 Nc6 27. Rhe1 Nxe7 28. dxe7 Rc8 29. Rad1 Rc7 30. Rd5 h6 31. Rd6 h5 32. Re5 h4 33. g4 Rc6 34. Rxd7+ Kc8 35. Ra7 Re6 36. Rxg5 R8xe7 37. Rxe7 Rxe7 38. a5 Kb7 39. axb6 Kxb6 40. Rf5 a5 41. Rf6+ Kb7 42. Kd3 Rd7+ 43. Ke3 Kc8 44. Rc6+ Kd8 45. Rxc5 Rb7 46. Rb5 Re7+ 47. Kf4 Rd7 48. Rc5 Ke7 49. Rxa5 Rd3 50. Re5+ Kf6 51. Re3 Rd4+ 52. Kf3 Kg6 53. Ke2 f5 54. f3 f4 55. Rd3 Rxd3 56. Kxd3 Kf6 57. Kd4 Kg5 58. Ke4 1-0


[Site "https://www.chess.com"]

[Event "Titled Tuesday Blitz November 08 Late 2022"]
[White "Ali Abdullahi, Farah"]
[Black "Adel, Sara"]
[WhiteFideId "16100212"]
[BlackFideId "10616764"]
[WhiteElo "2276"]
[BlackElo "1994"]
[Result "0-1"]
[Round "11"]
[TimeControl "180+1"]
[Date "2022.11.09"]
[WhiteClock "0:00:05"]
[BlackClock "0:01:21"]

1. b3 Nf6 2. Bb2 g6 3. e3 Bg7 4. Nf3 O-O 5. c4 Nc6 6. d4 d6 7. d5 Nb8 8. Bd3 Nbd7 9. O-O e5 10. dxe6 fxe6 11. Nbd2 Nc5 12. Bc2 e5 13. a3 Ng4 14. h3 Nh6 15. b4 Ne6 16. Bb3 Ng5 17. Nxg5 Qxg5 18. Nf3 Qh5 19. c5+ Kh8 20. cxd6 Bxh3 21. Nxe5 Bg4 22. f3 Bxe5 23. Bxe5+ Qxe5 24. fxg4 Qxe3+ 25. Kh1 Rxf1+ 26. Qxf1 Nxg4 27. Qf3 Qh6+ 28. Kg1 Qh2+ 29. Kf1 Qh1+ 30. Ke2 Re8+ 31. Kd2 Qxa1 32. d7 Qd4+ 33. Kc2 Qxd7 34. a4 Ne3+ 35. Kb2 Qd2+ 36. Ka3 Nc4+ 37. Bxc4 Re3+ 0-1


[Site "https://www.chess.com"]

[Event "Titled Tuesday Blitz November 08 Late 2022"]
[White "Andreikin, Dmitry"]
[Black "Bluebaum, Matthias"]
[WhiteFideId "4158814"]
[BlackFideId "24651516"]
[WhiteElo "2736"]
[BlackElo "2633"]
[Result "1/2-1/2"]
[Round "11"]
[TimeControl "180+1"]
[Date "2022.11.09"]
[WhiteClock "0:00:09"]
[BlackClock "0:00:14"]

1. e4 e6 2. d3 d5 3. Nd2 Nf6 4. Ngf3 b6 5. g3 dxe4 6. dxe4 Bb7 7. Qe2 Nc6 8. c3 a5 9. Bg2 e5 10. O-O Bc5 11. Nh4 Ba6 12. Nc4 O-O 13. b3 b5 14. Rd1 Qc8 15. Ne3 b4 16. c4 Nd4 17. Qf1 c6 18. Nef5 g6 19. Bg5 Nd7 20. Nh6+ Kg7 21. Ng4 Kh8 22. Nxe5 f6 23. Nxd7 Qxd7 24. Be3 Qa7 25. Rd2 Rad8 26. Rad1 a4 27. Kh1 a3 28. Nf3 Ne6 29. Rxd8 Rxd8 30. Rxd8+ Nxd8 31. Qd3 Nf7 32. Nd4 Ne5 33. Qd2 Qd7 34. f4 Nxc4 35. bxc4 Bxc4 36. Nc2 Qxd2 37. Bxd2 b3 38. axb3 Bxb3 39. Na1 Be6 40. Bc3 Kg7 41. e5 fxe5 42. Bxe5+ Kf7 43. Bxc6 a2 44. Kg2 Ba3 45. Kf3 h5 46. Ke4 Bf5+ 47. Kd4 Bb2+ 48. Kc5 Ba3+ 49. Kc4 Be6+ 50. Bd5 Be7 51. Nc2 Bf8 52. Na1 Be7 53. Nb3 Bf8 54. Kd4 Bxd5 55. Kxd5 Ke7 56. Ba1 Kf7 57. Nd4 Bg7 58. Ke4 Bh8 59. h3 Bg7 60. Kd3 Bf8 61. Kc4 Bd6 62. Kb3 h4 63. g4 Bxf4 64. Kxa2 Bb8 65. Kb3 Ba7 66. Kc4 Bb6 67. Kd5 Bc7 68. Nf3 Bd8 69. Be5 g5 70. Bd4 Kg6 71. Be3 Be7 72. Ke6 Bd8 73. Ne5+ Kg7 74. Nf7 Bb6 75. Bxg5 Kg6 76. Bxh4 Kh7 77. Bf6 Kg6 78. Ne5+ Kh7 79. Kf5 Kg8 80. h4 Kh7 81. h5 Bc5 82. g5 Bf8 83. Ng4 Kg8 84. g6 Bg7 85. Bxg7 Kxg7 86. h6+ Kf8 87. Nf6 Ke7 88. g7 Kd6 89. g8=N Kc5 90. h7 Kd6 91. h8=N Kc5 92. Ng6 Kd6 93. Nh6 Kc5 94. Nf7 Kd4 95. Nf4 Kc5 96. Ne4+ Kd4 97. Nfg5 Ke3 98. Ke5 1/2-1/2


[Site "https://www.chess.com"]

[Event "Titled Tuesday Blitz November 08 Late 2022"]
[White "Aqib Javaid Butt"]
[Black "Kaganskiy, Gleb"]
[WhiteFideId "7801262"]
[BlackFideId "4132025"]
[WhiteElo "1659"]
[BlackElo "2165"]
[Result "0-1"]
[Round "11"]
[TimeControl "180+1"]
[Date "2022.11.09"]
[WhiteClock "0:00:04"]
[BlackClock "0:00:08"]

1. d4 Nf6 2. c4 e6 3. Nc3 Bb4 4. Nf3 O-O 5. g3 c5 6. Bg2 d6 7. Bd2 Nc6 8. d5 exd5 9. Nxd5 Bxd2+ 10. Qxd2 Nxd5 11. Qxd5 Nb4 12. Qd2 d5 13. cxd5 Qxd5 14. Qxd5 Nxd5 15. Rd1 Nb4 16. a3 Nc2+ 17. Kd2 Nd4 18. Nxd4 cxd4 19. Be4 Be6 20. Rc1 Rac8 21. b4 b6 22. Bd3 g5 23. Ba6 Rcd8 24. Rc7 Rd7 25. Rhc1 Rfd8 26. Bb5 Rxc7 27. Rxc7 a5 28. bxa5 bxa5 29. a4 h5 30. Bc4 Bxc4 31. Rxc4 Kg7 32. Kd3 Rb8 33. Rxd4 Rb2 34. Rd5 f6 35. Rxa5 Rb1 36. Ra8 Rf1 37. Ke3 Rh1 38. a5 Rxh2 39. a6 Rh1 40. Rb8 Ra1 41. Rb7+ Kg6 42. a7 Ra4 43. Kd3 h4 44. gxh4 gxh4 45. Kc3 h3 46. Kb3 Ra1 47. Rb8 Rxa7 48. Rh8 Rh7 49. Rg8+ Kf5 50. Rg1 h2 51. Rh1 Kg4 52. e4 Kh3 53. f4 Re7 54. e5 fxe5 55. fxe5 Rxe5 56. Kc2 Rg5 57. Kd2 Rg1 58. Rxg1 hxg1=Q 0-1


[Site "https://www.chess.com"]

[Event "Titled Tuesday Blitz November 08 Late 2022"]
[White "Arbunic Castro, Giovanna"]
[Black "Dahlgren, James Allen"]
[WhiteFideId "3400549"]
[BlackFideId "22256873"]
[WhiteElo "1882"]
[BlackElo "2177"]
[Result "1-0"]
[Round "11"]
[TimeControl "180+1"]
[Date "2022.11.09"]
[WhiteClock "0:00:12"]
[BlackClock "0:00:09"]

1. e4 e6 2. d4 c5 3. d5 exd5 4. exd5 f5 5. c4 d6 6. g3 Nf6 7. Bg2 g6 8. Ne2 Bg7 9. O-O O-O 10. Nbc3 a6 11. Bf4 Nh5 12. Be3 Nd7 13. Qd2 Ne5 14. b3 b5 15. cxb5 axb5 16. Nxb5 Ba6 17. a4 c4 18. Qb4 Bxb5 19. Qxb5 cxb3 20. Qxb3 Rb8 21. Qc2 Rc8 22. Qa2 Nc4 23. Nd4 Nxe3 24. fxe3 Bxd4 25. exd4 Qb6 26. Rfd1 f4 27. g4 Nf6 28. Bf3 Rfe8 29. Kf2 h5 30. h3 hxg4 31. hxg4 Ne4+ 32. Bxe4 Rxe4 33. Qb1 Rxd4 34. Qxb6 Rc2+ 35. Kf1 1-0


[Site "https://www.chess.com"]

[Event "Titled Tuesday Blitz November 08 Late 2022"]
[White "Barria Zuniga, Daniel"]
[Black "Brown, Andrew"]
[WhiteFideId "3400816"]
[BlackFideId "3206513"]
[WhiteElo "2414"]
[BlackElo "2245"]
[Result "0-1"]
[Round "11"]
[TimeControl "180+1"]
[Date "2022.11.09"]
[WhiteClock "0:00:05"]
[BlackClock "0:00:12"]

1. c4 g6 2. d4 Bg7 3. Nc3 d6 4. e4 Nd7 5. Nf3 e5 6. Be2 Ne7 7. O-O a5 8. Bg5 h6 9. Be3 O-O 10. Qd2 exd4 11. Nxd4 Kh7 12. Ndb5 f5 13. Rfd1 fxe4 14. Nxe4 Nf5 15. Bd4 Nxd4 16. Nxd4 Nc5 17. Bf3 Nxe4 18. Bxe4 Qh4 19. Re1 c6 20. Rad1 Bg4 21. f3 Bd7 22. g3 Qf6 23. b3 Rad8 24. Qxa5 Ra8 25. Qd2 h5 26. a4 Rae8 27. h4 Bh6 28. f4 Kg7 29. Nf3 Bxf4 30. Qxf4 Qxf4 31. gxf4 Rxf4 32. Rxd6 Bg4 33. Nd2 Bf5 34. Rd3 Rg4+ 35. Kf2 Bxe4 36. Nxe4 Rf4+ 37. Rf3 Rfxe4 38. Rfe3 Rxe3 39. Rxe3 Rf8+ 40. Rf3 Re8 41. Re3 Rxe3 42. Kxe3 Kf6 43. Kf4 c5 44. a5 Ke6 45. Kg5 Kf7 46. Kf4 Kf6 47. Ke4 g5 48. hxg5+ Kxg5 49. b4 h4 50. bxc5 h3 51. a6 h2 52. axb7 h1=Q+ 53. Kd4 Qxb7 0-1


[Site "https://www.chess.com"]

[Event "Titled Tuesday Blitz November 08 Late 2022"]
[White "Baskakov, Egor"]
[Black "Hansen, Eric"]
[WhiteFideId "24197866"]
[BlackFideId "2606771"]
[WhiteElo "2211"]
[BlackElo "2568"]
[Result "0-1"]
[Round "11"]
[TimeControl "180+1"]
[Date "2022.11.09"]
[WhiteClock "0:00:06"]
[BlackClock "0:00:03"]

1. e4 c5 2. Nf3 e6 3. Be2 Nc6 4. c4 Nf6 5. Nc3 d6 6. d4 cxd4 7. Nxd4 Be7 8. O-O O-O 9. Be3 Bd7 10. Rc1 Nxd4 11. Bxd4 Bc6 12. Bf3 Nd7 13. Nd5 Bg5 14. Rb1 Ne5 15. Be2 Ng6 16. Nc3 a5 17. g3 Be7 18. f4 e5 19. Be3 exf4 20. gxf4 f5 21. exf5 Nh4 22. Nd5 Nxf5 23. Bb6 Qe8 24. Bg4 Qg6 25. Kh1 Bh4 26. Qf3 Rae8 27. Rg1 Qh6 28. Bh3 Bd8 29. Bf2 Bh4 30. Bb6 a4 31. Rg2 Bd8 32. Bf2 Bh4 33. Bb6 Be1 34. Rg4 Re6 35. Rg5 g6 36. Bxf5 Rxf5 37. Rxf5 gxf5 38. Bd4 Kf7 39. b4 axb3 40. axb3 Re4 41. Bg1 Bd2 42. Qd3 Bxf4 43. b4 Be5 44. b5 Bd7 45. Rf1 Qh4 46. Ne3 Kg6 47. Nd5 Rg4 48. Qf3 Kf7 49. Qe2 Be6 50. Ne3 Rg5 51. Qf3 Kg6 52. Ng2 Qg4 53. Qe2 Qxe2 0-1


[Site "https://www.chess.com"]